cohdb
Replays
Latest Replays
All Replays
Popular Replays
Top Player Replays
Match Explorer
How It Works
Community
CoH3 Stats
Reddit
Sign in to upload your games and track your stats! →
Sign in with Steam
Match 47297213
Unlisted
Match 47297213
Overview
Messages
Build Orders
End
Construct Section Command Post
Selects Air and Sea Battlegroup
Infantry Section
Infantry Section
Construct Platoon Command Post
Selects Supply Surplus
Construct Resource Cache
Construct Resource Cache
Infantry Section
Construct Resource Cache
Construct Resource Cache
CMP 15cwt Truck
Humber Armored Car
Construct Company Command Post
Selects Commando Section Paradrop
Selects Commando Support Section Paradrop
Construct Resource Cache
Selects UNKNOWN (223837)
Centaur IV Medium Tank
Commando Support Section Paradrop
Foot Guards Section
Centaur IV Medium Tank
Centaur IV Medium Tank
Royal Engineer Section
Crusader II Medium Tank
littlemf
Super BOO
Snipelegend
Omar Kamel Rock
Hawkeyes
别让我一打二
NamelessWarrior
益达巴格达
0
0
Comments
sign in to comment!
No comments posted yet!